Map: Blackburn LE

Players

Throwfordays - Winner!

  • Race: Terran Terran
  • League: Gold

BEATBYAGIRL

  • Race: Protoss Protoss
  • League: Silver

VOD

Have the link to the VOD?

Description

Time

  • Played on: Aug. 27, 2021, 8:17 p.m.
  • Length: 4:05
Show
View Real Time Build Order
Export as new Build Order

Throwfordays Terran - Winner!

Build Orders:  

Get SALT Encoding   

  12  0:01  SCV  
  13  0:16  Supply Depot  
  13  0:18  SCV  
  14  0:33  SCV  
  15  0:40  Barracks  
  15  0:42  Refinery  
  15  0:45  SCV  
  16  0:55  Supply Depot  
  16  0:58  SCV  
  17  1:11  SCV  
  17  1:17  Barracks  
  18  1:28  Refinery, Reaper  
  19  1:33  SCV  
  20  1:45  SCV  
  21  1:57  SCV  
  21  2:00  Reaper  
  23  2:04  Reaper  
  23  2:07  Barracks  
  24  2:09  SCV  
  24  2:12  Supply Depot  
  25  2:37  Reaper  
  25  2:38  Reaper  
  27  3:06  Reaper  
  27  3:10  Reaper  
  29  3:25  Reaper  
Show
View Real Time Build Order
Export as new Build Order

BEATBYAGIRL Protoss 

Build Orders:  

Get SALT Encoding   

  12  0:05  Probe (Chrono Boost)  
  14  0:15  Probe (Chrono Boost)  
  14  0:20  Probe (Chrono Boost)  
  14  0:28  Pylon  
  15  0:34  Assimilator  
  15  0:39  Assimilator  
  15  0:46  Probe  
  16  0:55  Gateway  
  16  1:04  Gateway  
  16  1:10  Probe (Chrono Boost)  
  17  1:22  Probe (Chrono Boost)  
  18  1:27  Probe (Chrono Boost)  
  19  1:36  Probe  
  20  1:46  Cybernetics Core  
  20  1:48  Probe  
  21  2:00  Probe  
  22  2:12  Probe  
  23  2:28  Pylon  
  22  2:46  Zealot x2  
  26  2:55  Gateway  
  26  2:56  Pylon  
  23  3:13  Pylon  
  23  3:23  Stalker x2  
  27  3:27  Probe  
  23  3:39  Probe (Chrono Boost)  
  18  3:48  Probe (Chrono Boost)  
  18  3:52  Probe (Chrono Boost)  
Tags
 
Add a new tag
Caveats
  • Supply blocks, unpowered buildings, or Contaminate may cause inaccurate times.
  • Supply counts are checked every 10 seconds.